 Dungeon Crawl Stone Soup version 0.29.0-4-gdea44cf6ec (webtiles) character file.

Game seed: 14831460496834158534

5 qw the Chopper (level 1, -5/12 HPs)
             Began as a Tengu Warper on Aug 28, 2022.
             Slain by a gnoll
             ... wielding a +0 spear
              (6 damage)
             ... on level 1 of the Dungeon.
             The game lasted 00:00:00 (93 turns).

qw the Chopper (Tengu Warper)                         Turns: 93, Time: 00:00:01

Health: -5/12      AC:  3    Str: 11    XL:     1   Next: 80%
Magic:  4/4        EV: 11    Int: 13    God:
Gold:   0          SH:  0    Dex: 13    Spells: 4/4 levels left

rFire   . . .      SeeInvis .   a - +0 hand axe
rCold   . . .      Faith    .   (no shield)
rNeg    . . .      Spirit   .   b - +0 leather armour
rPois   .          Reflect  .   (helmet restricted)
rElec   .          Harm     .   (no cloak)
rCorr   .          Rampage  .   (no gloves)
Will    .....                   (boots unavailable)
Stlth   +.........              (no amulet)
HPRegen 0.04/turn               (no ring)
MPRegen 0.09/turn               (no ring)

@: no status effects
A: beak, talons 3
a: no special abilities


You were on level 1 of the Dungeon.
You visited 1 branch of the dungeon, and saw 1 of its levels.


Innate Abilities, Weirdness & Mutations

You have a beak for a mouth.
You have claws for feet.


   Skills:
 - Level 2.0 Fighting
 + Level 2.8 Axes
 - Level 1.0 Throwing
 - Level 1.1 Armour
 - Level 2.1 Dodging
 - Level 2.0 Spellcasting
 - Level 2.4 Translocations


You had 4 spell levels left.
You didn't know any spells.
Your spell library contained the following spells:

 Spells                   Type           Power      Damage    Failure   Level
 Blink                    Tloc           14%        N/A       19%         2
 Gell's Gravitas          Tloc           7%         N/A       36%         3
 Lesser Beckoning         Tloc           7%         N/A       36%         3
 Teleport Other           Tloc           7%         N/A       36%         3
 Manifold Assault         Tloc           7%         N/A       98%         5

Inventory:

Hand Weapons
 a - a +0 hand axe (weapon)
Armour
 b - a +0 leather armour (worn)
Scrolls
 c - a scroll of blinking
Potions
 d - a potion of attraction {unknown}

Dungeon Overview and Level Annotations

Branches:
Dungeon (1/15)

Altars:


Message History

Your surroundings suddenly seem different.
There is a huge open gate here.
A hobgoblin comes into view.
The hobgoblin shouts!
A dart slug comes into view.
79 ||| Stepping ~*~*~tactically~*~*~ (stealth).
There is a huge open gate here.
81 ||| Stepping ~*~*~tactically~*~*~ (hiding).
There is a huge open gate here.
A gnoll comes into view. It is wielding a +0 spear.
83 ||| Stepping ~*~*~tactically~*~*~ (hiding).
84 ||| Stepping ~*~*~tactically~*~*~ (hiding).
85 ||| Stepping ~*~*~tactically~*~*~ (hiding).
The hobgoblin misses you.
You hit the hobgoblin but do no damage. You claw the hobgoblin.
You peck the hobgoblin.
You kill the hobgoblin!
The gnoll hits you from afar with a +0 spear.
Ouch! That really hurt!
The gnoll closely misses you.
You see here a hobgoblin corpse.
You closely miss the gnoll. The gnoll hits you with a +0 spear.
You hit the gnoll. You peck the gnoll.
The gnoll is moderately wounded.
The gnoll closely misses you. The gnoll barely misses you.
You hit the gnoll. Your kick misses the gnoll.
You peck the gnoll, but do no damage.
The gnoll is moderately wounded.
The gnoll hits you with a +0 spear.
You barely miss the gnoll. Your kick misses the gnoll.
The gnoll is moderately wounded.
The gnoll closely misses you.
The dart slug briefly extends its eye-stalks.
You hit the gnoll. You claw the gnoll.
The gnoll is almost dead.
You hear a shout!
The gnoll hits you with a +0 spear.
Ouch! That really hurt!
You die...

~~...........~~#...#
~............~~#...#
~...........ยค.~#...##
##..8.###.8..###....#
g#...........#K#.....
######'''#######..#.. .
#...........##...#.# #..
#...........##.....#
#...###@......###...####
w.w...##gw'''##.........
#..g..........#######
#####..#.###### #......
#......... #......#.##
.......#... ).....# #


You could see a gnoll and a dart slug.

Vanquished Creatures
  2 endoplasms (D:1)
  A hobgoblin (D:1)
  A kobold (D:1)
  A rat (D:1)
5 creatures vanquished.

Notes
Turn   | Place    | Note
-------+----------+-------------------------------------------
     0 | D:1      | qw the Tengu Warper began the quest for the Orb.
     0 | D:1      | Reached XP level 1. HP: 12/12 MP: 4/4
     0 | D:1      | 0 ||| qw: Version: 0.1-a-89-g26bdef1
     0 | D:1      | 0 ||| qw: Game counter: 2798
     0 | D:1      | 0 ||| qw: Always use a shield: true
     0 | D:1      | 0 ||| qw: God list: Okawaru
     0 | D:1      | 0 ||| qw: Allow faded altars: false
     0 | D:1      | 0 ||| qw: Do Orc after D:15 true
     0 | D:1      | 0 ||| qw: Do second Lair branch before Depths: true
     0 | D:1      | 0 ||| qw: Lair rune preference: random
     0 | D:1      | 0 ||| qw: Plans: Normal
     0 | D:1      | 0 ||| PLANNING D:1-11
    23 | D:1      | 23 ||| Stepping ~*~*~tactically~*~*~ (stealth).
    79 | D:1      | 79 ||| Stepping ~*~*~tactically~*~*~ (stealth).
    81 | D:1      | 81 ||| Stepping ~*~*~tactically~*~*~ (hiding).
    83 | D:1      | 83 ||| Stepping ~*~*~tactically~*~*~ (hiding).
    84 | D:1      | 84 ||| Stepping ~*~*~tactically~*~*~ (hiding).
    85 | D:1      | 85 ||| Stepping ~*~*~tactically~*~*~ (hiding).
    91 | D:1      | HP: 1/12 [gnoll/+0 spear (3)]
    93 | D:1      | Slain by a gnoll

Levels and vault maps discovered:
D:1:      lordsloth_arrival_two_stooges, layout_loops_cross,
          hellmonk_ecumenical_altar_lost_god

Action                   || total
-------------------------++-------
Melee: Hand axe          ||     6
       Peck              ||     3
       Kick              ||     2
Throw: Boomerang         ||     7
Dodge: Dodged            ||     5

Table legend:
 A = Non-vault XP
 B = Vault XP
 C = Vault XP percentage of total XP
 D = Non-vault monster count
 E = Vault monster count
 F = Vault count percentage of total count
                 A         B        C        D         E       F
            +---------+---------+-------+---------+---------+-------
      Total |       8 |       0 |   0.0 |       5 |       0 |   0.0
            +---------+---------+-------+---------+---------+-------
        D:1 |       8 |       0 |   0.0 |       5 |       0 |   0.0
            +---------+---------+-------+---------+---------+-------
